 Dungeon Sprint DCSS version 0.30-a0-465-g8901f6c8b5 (webtiles) character file.

Game seed: 16805899752307740402

423280 holysushi the Talismancer (level 17, 121/121 HPs)
             Began as a Spriggan Artificer on Dec 18, 2022.
             Was an Initiate of Gozag.
             Escaped with the Orb!
             The game lasted 00:45:24 (4987 turns).

holysushi the Talismancer (Spriggan Artificer)      Turns: 4987, Time: 00:45:25

Health: 121/121    AC:  6    Str:  8    XL:     17   Next: 35%
Magic:  32/37      EV: 75    Int: 15    God:    Gozag
Gold:   24059      SH: 14    Dex: 39    Spells: 21/46 levels left

rFire   + + +      SeeInvis +    z - +8 lance "Wyrmbane" {slay drac, rPois rF+ rC+ AC+3}
rCold   + + +      Faith    .    W - +3 warlock's mirror {reflect}
rNeg    + + .      Spirit   .    b - +1 robe {rN+}
rPois   +          Reflect  +    k - -2 hat of the Alchemist {rElec rPois rF+ rC+ rN+ Will+ rMut rCorr}
rElec   +          Harm     .    y - +1 cloak of Starlight {*Dazzle EV+4 Stlth--}
rCorr   +          Rampage  .    (gloves unavailable)
rMut    +          NoTele   +    (boots unavailable)
Will    +++++                    X - amulet "Bawebi Pieph" {Acrobat rC+ Will++ Dex+4 Slay-5 Stlth+}
Stlth   +.........               u - ring of Arrival {Int+3 Dex+6}
HPRegen 0.40/turn                O - ring "Sueczog" {Fly EV+4 Dex+5}
MPRegen 0.25/turn

@: mighty, death channelling, resistant, flying, hasted, studying 8 skills,
invisible, bribing [the Dungeon], very quick
A: very small, no large weapons, unfitting armour, see invisible, speed 3,
screaming 1
0: Orb of Zot
a: Renounce Religion, Potion Petition, Call Merchant, Bribe Branch


You escaped.
You worshipped Gozag.
Gozag was extremely pleased with you.
You visited 1 branch You collected 47988 gold pieces.
You spent 287 gold pieces at shops.
You paid 23642 gold pieces to Gozag.

Inventory:

Hand Weapons
 a - the +7 Spriggan's Knife {stab, EV+4 Stlth+}
   (You found it in the Dungeon)

   It is more effective when stabbing unaware enemies, sometimes treating them
   as though they were completely helpless.
   EV:        It affects your evasion (+4).
   Stlth:     It makes you more stealthy.
 z - the +8 lance "Wyrmbane" (weapon) {slay drac, rPois rF+ rC+ AC+3}
   (You found it in the Dungeon)

   It inflicts extra damage against dragons and draconians.
   AC:        It affects your AC (+3).
   rF:        It protects you from fire.
   rC:        It protects you from cold.
   rPois:     It protects you from poison.
 A - the +7 Singing Sword {vorpal, sonic wave}
   (You found it in the Dungeon)

   It inflicts extra damage upon your enemies.
   It radiates damaging sonic waves as it strikes, especially in combat
   involving dangerous or numerous foes.
 E - the +8 autumn katana {vorpal, manifold assault}
   (You found it in the Dungeon)

   It sometimes launches melee attacks against multiple visible enemies.
 P - the +5 demon whip "Spellbinder" {antimagic, Will+}
   (You found it in the Dungeon)

   It reduces the magical energy of the wielder, and disrupts the spells and
   magical abilities of those it strikes.
   Natural abilities and divine invocations are not affected.
   It unleashes wild and unpredictable magical effects upon striking a wizard or
   a creature with magical abilities.
   Will:      It increases your willpower.
Missiles
 C - 6 throwing nets
Armour
 b - a +1 robe of positive energy (worn)
 k - the -2 hat of the Alchemist (worn) {rElec rPois rF+ rC+ rN+ Will+ rMut rCorr}
   (You found it in the Dungeon)

   rF:        It protects you from fire.
   rC:        It protects you from cold.
   rElec:     It insulates you from electricity.
   rPois:     It protects you from poison.
   rN:        It protects you from negative energy.
   rCorr:     It protects you from acid and corrosion.
   rMut:      It protects you from mutation.
   Will:      It increases your willpower.
 y - the +1 cloak of Starlight (worn) {*Dazzle EV+4 Stlth--}
   (You found it in the Dungeon)

   It may blind those who miss an attack against the wearer in melee combat.
   EV:        It affects your evasion (+4).
   Stlth:     It makes you much less stealthy.
 Q - the +4 robe of Folly {Brilliance Will-∞ Int+8}
   (You found it in the Dungeon)

   It increases the power of your magical spells.
   It halves the magic cost of your spells (rounding up).
   It reduces your willpower to zero.
   Int:       It affects your intelligence (+8).
 W - the +3 warlock's mirror (worn) {reflect}
   (You found it in the Dungeon)

   It can block and reflect piercing ranged attacks and magical attacks against
   the wielder's willpower.
Jewellery
 u - the ring of Arrival (left hand) {Int+3 Dex+6}
   (You took it off a merfolk impaler in the Dungeon)

   [ring of dexterity]

   Int:       It affects your intelligence (+3).
   Dex:       It affects your dexterity (+6).
 v - the amulet of the Four Winds {rN+ Will+++ Clar}
   (You found it in the Dungeon)

   [amulet of nothing]

   rN:        It protects you from negative energy.
   Clar:      It protects you against confusion.
   Will:      It greatly increases your willpower.
 F - the ring of Acyv {rC+ Will- EV+4 Dex+4}
   (You found it in the Dungeon)

   [ring of evasion]

   EV:        It affects your evasion (+4).
   Dex:       It affects your dexterity (+4).
   rC:        It protects you from cold.
   Will:      It decreases your willpower.
 H - the ring "Kapufune" {Fire rPois Will+ MP+9 Str-5}
   (You found it in the Dungeon)

   [ring of fire]

   It enhances your fire magic.
   Str:       It affects your strength (-5).
   rF:        It protects you from fire.
   rC:        It makes you vulnerable to cold.
   rPois:     It protects you from poison.
   MP:        It affects your magic capacity (+9).
   Will:      It increases your willpower.
 K - a ring of poison resistance
 L - a ring of protection from fire
 M - the brooch of Shielding {Spirit SH+8}
   (You found it in the Dungeon)

   [amulet of guardian spirit]

   It causes incoming damage to be divided between your reserves of health and
   magic.
   SH:        It affects your SH (+8).
 N - an amulet of the acrobat
 O - the ring "Sueczog" (right hand) {Fly EV+4 Dex+5}
   (You found it in the Dungeon)

   [ring of evasion]

   EV:        It affects your evasion (+4).
   Dex:       It affects your dexterity (+5).
   Fly:       It grants you flight.
 R - the amulet "Jeloy" {Acrobat *Slow rF+ Regen+}
   (You found it in the Dungeon)

   [amulet of the acrobat]

   It increases your evasion while moving and waiting.
   rF:        It protects you from fire.
   Regen:     It increases your rate of health regeneration.
   *Slow:     It may slow you when you take damage.
 S - an amulet of reflection
 T - a ring of fire
 V - a +4 ring of protection
 X - the amulet "Bawebi Pieph" (around neck) {Acrobat rC+ Will++ Dex+4 Slay-5 Stlth+}
   (You found it in the Dungeon)

   [amulet of the acrobat]

   It increases your evasion while moving and waiting.
   Dex:       It affects your dexterity (+4).
   Slay:      It affects your accuracy & damage with ranged weapons and melee
   (-5).
   rC:        It protects you from cold.
   Will:      It greatly increases your willpower.
   Stlth:     It makes you more stealthy.
 Z - a ring of positive energy
Wands
 c - a wand of flame (14) (quivered)
 d - a wand of charming (15)
 e - a wand of iceblast (5)
 w - a wand of acid (5)
 x - a wand of mindburst (7)
Scrolls
 q - 4 scrolls of amnesia
 r - 9 scrolls of fog
 s - 3 scrolls of identify
 t - 2 scrolls of fear
 I - 5 scrolls of brand weapon
 U - 13 scrolls of enchant armour
Potions
 f - 10 potions of curing
 g - 14 potions of heal wounds
 h - 12 potions of haste
 i - 7 potions of magic
 j - 3 potions of berserk rage
 l - 2 potions of brilliance
 m - 2 potions of invisibility
 n - 3 potions of resistance
 p - 10 potions of might
Miscellaneous
 o - a tin of tremorstones (2/2)
 B - a lightning rod (4/4)
 D - a phial of floods
 G - a condenser vane
 J - a phantom mirror
 Y - a box of beasts


   Skills:
 O Level 27 Fighting
 O Level 27 Dodging
 - Level 1.5 Stealth
 + Level 6.3 Shields
 - Level 15.0 Spellcasting
 - Level 24.9 Summonings
 - Level 16.6 Necromancy
 O Level 27 Evocations


You had 21 spell levels left.
You knew the following spells:

 Your Spells              Type           Power      Damage    Failure   Level
a - Death Channel         Necr           28%        N/A       1%          6
b - Dispel Undead         Necr           57%        3d20      1%          4
c - Summon Lightning Spi  Summ/Air       48%        N/A       1%          4
d - Summon Forest         Summ/Tloc      24%        N/A       1%          5
e - Summon Cactus Giant   Summ           36%        N/A       1%          6

Your spell library contained the following spells:

 Spells                   Type           Power      Damage    Failure   Level
 Necrotise                Necr           100%       1d9       0%          1
 Summon Small Mammal      Summ           100%       N/A       0%          1
 Call Imp                 Summ           72%        N/A       0%          2
 Call Canine Familiar     Summ           72%        N/A       0%          3
 Kiss of Death            Conj/Necr      100%       2d13      1%          1
 Cigotuvi's Dreadful Rot  Necr/Pois/Air  54%        N/A       1%          2
 Sublimation of Blood     Necr           57%        N/A       1%          2
 Summon Guardian Golem    Hex/Summ       48%        N/A       1%          3
 Vampiric Draining        Necr           57%        2d10      1%          3
 Animate Armour           Summ/Erth      96%        N/A       1%          4
 Summon Ice Beast         Ice/Summ       48%        N/A       1%          4
 Agony                    Necr           57%        N/A       1%          5
 Summon Mana Viper        Hex/Summ       48%        N/A       1%          5
 Haunt                    Necr/Summ      32%        N/A       1%          7
 Summon Hydra             Summ           36%        N/A       1%          7
 Borgnjor's Vile Clutch   Necr/Erth      18%        N/A       10%         5
 Apportation              Tloc           22%        N/A       11%         1
 Beastly Appendage        Tmut           22%        N/A       11%         1
 Foxfire                  Conj/Fire      44%        2x1d6     11%         1
 Freeze                   Ice            44%        1d6       11%         1
 Magic Dart               Conj           44%        1d5       11%         1
 Sandblast                Erth           22%        2d7       11%         1
 Shock                    Conj/Air       44%        1d5       11%         1
 Slow                     Hex            44%        N/A       11%         1
 Sting                    Tmut/Pois      44%        1d5       11%         1
 Blink                    Tloc           22%        N/A       16%         2
 Ensorcelled Hibernation  Hex/Ice        22%        N/A       16%         2
 Momentum Strike          Conj/Tloc      22%        3d8       16%         2
 Passwall                 Tmut/Erth      9%         N/A       16%         2
 Poisonous Vapours        Pois/Air       22%        N/A       16%         2
 Scorch                   Fire           22%        2d6       16%         2
 Searing Ray              Conj           22%        2d5       16%         2
 Static Discharge         Conj/Air       22%        2-3/arc   16%         2
 Wereblood                Tmut           11%        N/A       16%         2
 Confusing Touch          Hex            11%        N/A       32%         3
 Dazzling Flash           Conj/Hex       22%        N/A       32%         3
 Frozen Ramparts          Ice            22%        1d4       32%         3
 Gell's Gravitas          Tloc           11%        N/A       32%         3
 Hailstorm                Conj/Ice       11%        3d5       32%         3
 Ignite Poison            Fire/Tmut/Pois 11%        N/A       32%         3
 Inner Flame              Hex/Fire       11%        N/A       32%         3
 Kindle Blastsparks       Fire/Tloc/Air  22%        2d11      32%         3
 Mephitic Cloud           Conj/Pois/Air  11%        N/A       32%         3
 Ozocubu's Armour         Ice            11%        N/A       32%         3
 Portal Projectile        Hex/Tloc       22%        N/A       32%         3
 Spider Form              Tmut/Pois      11%        N/A       32%         3
 Stone Arrow              Conj/Erth      22%        3d8       32%         3
 Swiftness                Air            11%        N/A       32%         3
 Teleport Other           Tloc           11%        N/A       32%         3
 Tukima's Dance           Hex            11%        N/A       32%         3
 Vhi's Electric Charge    Tloc/Air       22%        N/A       32%         3
 Malign Gateway           Summ/Tloc      24%        N/A       50%         7
 Spellforged Servitor     Conj/Summ      24%        N/A       50%         7
 Borgnjor's Revivificati  Necr           28%        N/A       61%         8
 Airstrike                Air            5%         2d(1-17)  71%         4
 Cause Fear               Hex            5%         N/A       71%         4
 Flame Wave               Conj/Fire      11%        2d6       71%         4
 Fulminant Prism          Conj/Hex       5%         3d7       71%         4
 Ice Form                 Ice/Tmut       11%        N/A       71%         4
 Iskenderun's Mystic Bla  Conj/Tloc      11%        2d4       71%         4
 Leda's Liquefaction      Hex/Erth       5%         N/A       71%         4
 Manifold Assault         Tloc           11%        N/A       71%         4
 Olgreb's Toxic Radiance  Pois           11%        N/A       71%         4
 Passage of Golubria      Tloc           11%        N/A       71%         4
 Petrify                  Tmut/Erth      11%        N/A       71%         4
 Sticky Flame             Conj/Fire      11%        2d3       71%         4
 Alistair's Intoxication  Tmut/Pois      7%         N/A       96%         5
 Arcjolt                  Conj/Air       5%         1d15      96%         5
 Blade Hands              Tmut           5%         N/A       96%         5
 Fireball                 Conj/Fire      5%         3d5       96%         5
 Freezing Cloud           Conj/Ice/Air   5%         6-21      96%         5
 Irradiate                Conj/Tmut      5%         3d13      96%         5
 Iskenderun's Battlesphe  Conj           11%        2d7       96%         5
 Lee's Rapid Deconstruct  Erth           5%         3d6*      96%         5
 Lightning Bolt           Conj/Air       5%         1d17      96%         5
 Metabolic Englaciation   Hex/Ice        5%         N/A       96%         5
 Yara's Violent Unravell  Hex/Tmut       5%         3d4       96%         5
 Conjure Ball Lightning   Conj/Air       5%         3x3d6     100%        6
 Dispersal                Tloc           5%         N/A       100%        6
 Eringya's Noxious Bog    Tmut/Pois      5%         N/A       100%        6
 Iron Shot                Conj/Erth      5%         9d2       100%        6
 Starburst                Conj/Fire      5%         6d4       100%        6
 Statue Form              Tmut/Erth      7%         N/A       100%        6
 Dragon Form              Tmut           5%         N/A       100%        7
 Enfeeble                 Hex            5%         N/A       100%        7
 Orb of Destruction       Conj           5%         9d5       100%        7
 Ozocubu's Refrigeration  Ice            5%         4d8       100%        7
 Disjunction              Tloc           5%         N/A       100%        8
 Ignition                 Fire           5%         3d4       100%        8
 Lehudib's Crystal Spear  Conj/Erth      5%         10d3      100%        8
 Maxwell's Capacitive Co  Air            5%         ∞         100%        8
 Necromutation            Tmut/Necr      18%        N/A       100%        8
 Chain Lightning          Conj/Air       5%         3d7       100%        9
 Death's Door             Necr           28%        N/A       100%        9
 Fire Storm               Conj/Fire      5%         8d2       100%        9
 Polar Vortex             Ice            5%         N/A       100%        9
 Animate Dead             Necr           Unusable   N/A       N/A         4
 Simulacrum               Ice/Necr       Unusable   N/A       N/A         6

Dungeon Overview and Level Annotations

Branches:
Dungeon (1/1)

Altars:
Ashenzari
Cheibriados
Dithmenos
Elyvilon
Fedhas
Gozag
Hepliaklqana
Kikubaaqudgha
Makhleb
Nemelex Xobeh
Okawaru
Qazlal
Ru
Sif Muna
Trog
Uskayaw
Vehumet
Wu Jian
Xom
Yredelemnul
Zin
The Shining One
Jiyva
Lugonu

Shops:
D **


Innate Abilities, Weirdness & Mutations

You are very small and have problems with some larger weapons.
You are too small for most types of armour.
You have supernaturally acute eyesight. (SInv)
You cover ground extremely quickly. (Speed+++)
You occasionally shout uncontrollably at your foes.


Message History

You drop a ring of resist corrosion.
M - the brooch of Shielding {Spirit SH+8}
Things that are here:
a +4 trident of freezing; a +0 robe You see here a +2 quarterstaff of holy wrath.
You see here a staff of poison.
There is a transporter here.
Okay, then.
You need to be standing on open floor to call a merchant.
Do you want to bribe the denizens of the Dungeon?
Gozag spreads your bribe to the Dungeon! [a] - 368 gold - heal wounds, curing and magic [b] - 841 gold - curing, magic, resistance and invisibility [c] - 644 gold - haste, heal wounds, curing and berserk rage Purchase which effect?
You feel better. Magic courses through your body.
You feel protected.
You fade into invisibility! [a] - 528 gold - resistance, might and haste [b] - 576 gold - haste, brilliance and resistance [c] - 384 gold - might, brilliance, heal wounds and curing Purchase which effect?
You feel protected.
You feel very mighty all of a sudden.
You feel yourself speed up.
Casting: Summon Cactus Giant (safe; 1% risk of failure)
Confirm with . or Enter, or press ? or * to list all spells.
Malign forces permeate your being, awaiting release.
Casting: Death Channel (dangerous; 1% risk of failure)
Confirm with . or Enter, or press ? or * to list all spells.
Okay, then.
An exit appears before you!
You enter the transporter and appear at another place.
Found the Orb of Zot.
You swap places.
You see here the Orb of Zot.
You pick up the Orb of Zot!
The Orb lets out a hideous shriek!
The lords of Pandemonium are not amused.
Beware!
Now all you have to do is get back out of the dungeon!
Found a staircase leading out of the dungeon.
There is a staircase leading out of the dungeon here.
You have escaped!

............▓.............▓...8©8
............▓..▓.......▓..▓..}.:)
............▓.............▓..".|}
............▓.............▓......
............▓......©......▓....).
............▓▓▓▓▓▓▓▓▓▓▓▓▓▓▓....).
▓.......▓...▓8888888888888▓...)..
▓▓.....▓▓▓..▓8.§§§m......8▓..▓..)
▓.......▓...▓ §§@.m...©..8▓....).
............▓8§.§........8▓....©.
....©.......▓8888888888888▓▓▓▓▓▓▓
▓▓▓▓▓▓▓▓▓▓▓▓▓▓▓▓▓▓▓▓▓▓▓▓▓▓▓▓▓▓▓▓▓
(....8©8...[....▓........8©8.....
|.()):∩.).)).:..▓.||}|=|}:)=.)))=
[[).)()")[))))}.▓.:)})|:)||).:|"[
))))[)[[)[(=)(..▓.)}[:|}))[[))=.[
)[....(....[.)..▓.......:.|G)....


You could see a friendly merfolk javelineer and a friendly merfolk siren.

Vanquished Creatures
  A profane servitor (D)
  A pandemonium lord (D)
  2 iron giants (D)
  A Hell Sentinel (D)
  A titan (D)
  4 searing wretches (D)
  A kraken (D)
  An ancient champion (D)
  A deep elf master archer (D)
  2 acid blobs (D)
  5 azure jellies (D)
  7 fire giants (D)
  An iron dragon (D)
  A rockslime (D)
  A frost giant (D)
  2 quicksilver elementals (D)
  A balrug (D)
  A draconian stormcaller (D)
  3 stone giants (D)
  An ophan (D)
  2 quicksilver oozes (D)
  A war gargoyle (D)
  An apis (D)
  A deep elf demonologist (D)
  A deep elf annihilator (D)
  5 merfolk impalers (D)
  An ettin (D)
  A deep elf high priest (D)
  6 merfolk javelineers (D)
  A great orb of eyes (D)
  3 yaktaur captains (D)
  3 salamander tyrants (D)
  A centaur warrior (D)
  3 merfolk aquamancers (D)
  2 hell hogs (D)
  A satyr (D)
  A crystal echidna (D)
  2 deep elf knights (D)
  A large abomination (D)
  4 deep elf pyromancers (D)
  A salamander (shapeshifter) (D)
  2 shining eyes (D)
  5 ugly things (D)
  A moth of wrath (shapeshifter) (D)
  5 cyclopes (D)
  3 manticores (D)
  A merfolk siren (D)
  2 black mambas (D)
  A smoke demon (D)
  A guardian serpent (D)
  2 torpor snails (D)
  3 eyes of devastation (D)
  2 cane toads (D)
  3 rime drakes (D)
  An unseen horror (shapeshifter) (D)
  A rime drake (shapeshifter) (D)
  A kobold demonologist (D)
  3 ice devils (D)
  A komodo dragon (D)
  A yaktaur (D)
  A yaktaur (shapeshifter) (D)
  A tormentor (D)
  A hellwing (D)
  2 ancient zymes (D)
  2 trolls (D)
  4 polar bears (D)
  5 merfolk (D)
  2 polar bears (shapeshifter) (D)
  11 slime creatures (D)
  A blink frog (shapeshifter) (D)
  An air elemental (D)
  A wyvern (shapeshifter) (D)
  3 humans (shapeshifter) (D)
  2 yaks (D)
  A hog (shapeshifter) (D)
  A chaos spawn (D)
  A wyvern (D)
  A golden eye (shapeshifter) (D)
  2 basilisks (D)
  A fire elemental (D)
  7 neqoxecs (D)
  A redback (shapeshifter) (D)
  9 water moccasins (D)
  A floating eye (D)
  2 ice beasts (D)
  A starcursed mass (D)
  An ogre (D)
  4 centaurs (D)
  2 phantoms (D)
  2 small abominations (D)
  A crimson imp (D)
  3 quasits (D)
  2 jellies (D)
  2 iron imps (D)
  3 orc wizards (D)
  2 river rats (D)
  2 shadow imps (D)
  3 white imps (D)
  An ufetubus (D)
  2 orcs (D)
  A bat zombie (D)
  2 bat simulacra (D)
  A jackal zombie (D)
  2 quokka skeletons (D)
  A starspawn tentacle (D)
  2 tentacles (D)
223 creatures vanquished.

Vanquished Creatures (collateral kills)
  A pandemonium lord (D)
  2 searing wretches (D)
  3 deep elf master archers (D)
  2 krakens (D)
  4 titans (D)
  5 acid blobs (D)
  A tentacled starspawn (D)
  3 draconian knights (D)
  10 azure jellies (D)
  11 rockslimes (D)
  11 frost giants (D)
  6 fire giants (D)
  A draconian scorcher (D)
  A draconian annihilator (D)
  An angel (D)
  2 draconian shifters (D)
  An ophan (D)
  9 stone giants (D)
  An apis (D)
  A very ugly thing (D)
  A black draconian (D)
  5 green draconians (D)
  2 red draconians (D)
  3 purple draconians (D)
  6 yellow draconians (D)
  5 white draconians (D)
  4 merfolk javelineers (D)
  6 ettins (D)
  A blizzard demon (D)
  A hydra (D)
  A yaktaur captain (D)
  2 alligator snapping turtles (D)
  2 two-headed ogres (D)
  4 centaur warriors (D)
  2 hell hogs (D)
  A merfolk aquamancer (D)
  A thrashing horror (D)
  A wretched star (D)
  2 sixfirhies (D)
  2 glowing orange brains (D)
  A cherub (D)
  3 sea snakes (D)
  A harpy (D)
  2 shining eyes (D)
  3 manticores (D)
  A will-o-the-wisp (D)
  5 cyclopes (D)
  A merfolk siren (D)
  An apocalypse crab (D)
  An eye of devastation (D)
  A black mamba (D)
  A smoke demon (D)
  A yaktaur (D)
  A freezing wraith (D)
  2 ice devils (D)
  A polar bear (D)
  2 ancient zymes (D)
  2 trolls (D)
  A merfolk (D)
  2 raiju (D)
  2 wind drakes (D)
  15 slime creatures (D)
  A snapping turtle (D)
  A ynoxinul (D)
  3 large abominations (D)
  An ice beast (D)
  10 starcursed masses (D)
  2 centaurs (D)
  2 jellies (D)
  An iron imp (D)
  2 white imps (D)
  5 tentacles (D)
206 creatures vanquished.

Vanquished Creatures (others)
  An ancient lich (D)
  3 titans (D)
  A deep elf master archer (D)
  A kraken (D)
  2 ancient champions (D)
  A draconian shifter (D)
  2 fire giants (D)
  A quicksilver ooze (D)
  A stone giant (D)
  A green draconian (D)
  A red draconian (D)
  An ettin (D)
  A merfolk javelineer (D)
  2 merfolk impalers (D)
  6 yaktaur captains (D)
  2 great orbs of eyes (D)
  4 centaur warriors (D)
  A two-headed ogre (D)
  A merfolk aquamancer (D)
  A merfolk avatar (D)
  A satyr (D)
  5 hell hogs (D)
  A crystal echidna (D)
  A cherub (D)
  A sea snake (D)
  10 cyclopes (D)
  A manticore (D)
  3 merfolk sirens (D)
  A water nymph (D)
  A hellion (D)
  A rime drake (D)
  2 yaktaurs (D)
  A tormentor (D)
  7 merfolk (D)
  A wind drake (D)
  A polar bear (D)
  A snapping turtle (D)
  A water elemental (D)
  A ynoxinul (D)
  An ice beast (D)
  2 centaurs (D)
  2 white imps (D)
  An ufetubus (D)
  A quokka simulacrum (D)
  A creeping inferno (D)
  A fire vortex (D)
  5 starspawn tentacles (D)
  17 tentacles (D)
106 creatures vanquished.

Grand Total: 535 creatures vanquished

Notes
Turn   | Place    | Note
-------+----------+-------------------------------------------
     0 | D        | holysushi the Spriggan Artificer began the quest for the
                  | Orb.
     0 | D        | Reached XP level 1. HP: 9/9 MP: 2/2
     0 | D        | Found a shimmering blue altar of Sif Muna.
     0 | D        | Found a sacrificial altar of Ru.
     0 | D        | Found a bloodstained altar of Trog.
     0 | D        | Found a stormy altar of Qazlal.
     0 | D        | Found an iron altar of Okawaru.
     0 | D        | Found a sparkling altar of Nemelex Xobeh.
     0 | D        | Found a blossoming altar of Fedhas.
     0 | D        | Found the +6 Majin-Bo {vamp, MP+6 Int+6}
     0 | D        | Found the +27 heavy crossbow "Sniper" {vorpal, Acc+∞ SInv}
     0 | D        | Found the +10 dark maul {vorpal}
     0 | D        | Found the +15 Maxwell's patent armour {-Cast -Tele rElec
                  | Will+ rCorr}
     0 | D        | Found the +18 shield of the Gong {rElec rN+ Will+ EV-5}
     0 | D        | Found the +14 obsidian axe {vorpal, Mesm Drain Fly SInv}
     0 | D        | Found the +7 great mace "Firestarter" {inner flame, rF++}
     0 | D        | Found the +6 shillelagh "Devastator" {shatter}
     0 | D        | Found the +11 plutonium sword {Contam Stlth-}
     0 | D        | Found the +8 lance "Wyrmbane" {slay drac, rPois rF+ rC+
                  | AC+3}
     0 | D        | Found the +9 sword of Zonguldrok {reap}
     0 | D        | Found the +13 scythe of Curses {drain, Drain}
     0 | D        | Found the +5 sword of Power {vorpal}
     0 | D        | Found the +7 mace of Variability {chain chaos}
     0 | D        | Found the +7 Singing Sword {vorpal, sonic wave}
     0 | D        | Found the +8 storm bow {elec, penet}
     2 | D        | Found a transporter.
     2 | D        | Found an ancient bone altar of Kikubaaqudgha.
     2 | D        | Found a viscous altar of Jiyva.
     2 | D        | Found a corrupted altar of Lugonu.
     2 | D        | Found a hazy altar of Hepliaklqana.
     2 | D        | Found a burning altar of Makhleb.
     2 | D        | Found an opulent altar of Gozag.
    51 | D        | Became a worshipper of Gozag Ym Sagoz the Greedy
    74 | D        | Reached skill level 10 in Evocations
    74 | D        | Reached XP level 2. HP: 14/14 MP: 3/3
    75 | D        | Entered arena 2.
    75 | D        | Found a transporter.
    93 | D        | Entered arena 3.
    93 | D        | Noticed a merfolk
    93 | D        | Noticed a merfolk
    93 | D        | Noticed a merfolk
    93 | D        | Found a transporter.
    97 | D        | Killed a merfolk
    98 | D        | Reached XP level 3. HP: 9/17 MP: 4/4
    98 | D        | Reached XP level 4. HP: 11/21 MP: 5/5
    98 | D        | Reached XP level 5. HP: 13/25 MP: 6/6
    98 | D        | Killed a merfolk
    98 | D        | Killed a merfolk
    99 | D        | Reached skill level 10 in Dodging
    99 | D        | Reached XP level 6. HP: 15/29 MP: 7/7
    99 | D        | Reached XP level 7. HP: 17/32 MP: 8/8
   166 | D        | Entered arena 4.
   166 | D        | Noticed a rime drake
   166 | D        | Noticed a purple ugly thing
   166 | D        | Noticed a wyvern
   166 | D        | Noticed a purple ugly thing
   166 | D        | Found a transporter.
   168 | D        | a rime drake changed into a polar bear
   168 | D        | Noticed a polar bear (shapeshifter)
   169 | D        | Killed a wyvern
   170 | D        | Killed a purple ugly thing
   171 | D        | Reached skill level 15 in Dodging
   171 | D        | Reached XP level 8. HP: 37/37 MP: 9/9
   171 | D        | Killed a brown ugly thing
   171 | D        | Killed a polar bear
   193 | D        | Entered arena 5.
   193 | D        | Noticed a polar bear
   193 | D        | Noticed a polar bear
   193 | D        | Found a transporter.
   197 | D        | Killed a polar bear
   198 | D        | Reached XP level 9. HP: 40/40 MP: 10/10
   198 | D        | Killed a polar bear
   216 | D        | Entered arena 6.
   216 | D        | Found a transporter.
   240 | D        | Entered arena 7.
   240 | D        | Noticed a fire crab
   240 | D        | Noticed a shining eye
   240 | D        | Noticed a cyan ugly thing
   240 | D        | Noticed a shining eye
   240 | D        | a fire crab changed into a moth of wrath
   240 | D        | Noticed a moth of wrath (shapeshifter)
   246 | D        | Found a transporter.
   247 | D        | Killed a shining eye
   252 | D        | Gained mutation: You occasionally shout uncontrollably at
                  | your foes. [a shining eye]
   253 | D        | Killed a shining eye
   254 | D        | Killed a moth of wrath
   259 | D        | Killed a cyan ugly thing
   260 | D        | Reached XP level 10. HP: 28/44 MP: 11/11
   320 | D        | Entered arena 8.
   321 | D        | Found a transporter.
   325 | D        | Reached skill level 1 in Fighting
   345 | D        | Entered arena 9.
   346 | D        | Found a transporter.
   463 | D        | Got the ring "Kapufune" {Fire rPois Will+ MP+9 Str-5}
   468 | D        | Got the Omnibus of Intoxication and Transmigration
   478 | D        | Bought a scroll labelled GEHA SEKAORISM for 32 gold pieces
   489 | D        | Entered arena 10.
   489 | D        | Noticed a red ugly thing
   489 | D        | Noticed a green ugly thing
   489 | D        | Noticed a fire crab
   493 | D        | a fire crab changed into a redback
   494 | D        | Killed a green ugly thing
   496 | D        | Killed a green ugly thing
   497 | D        | Found a transporter.
   629 | D        | Entered arena 11.
   629 | D        | Noticed a salamander
   632 | D        | Reached skill level 5 in Fighting
   632 | D        | Reached XP level 11. HP: 56/56 MP: 12/12
   637 | D        | Found a transporter.
   801 | D        | Entered arena 12.
   811 | D        | Found a transporter.
   893 | D        | Got the Vellum of the Sepulchral Jaunt
   898 | D        | Got the ring "Sueczog" {Fly EV+4 Dex+5}
   940 | D        | Entered arena 13.
   940 | D        | Noticed a deep elf high priest
   940 | D        | Noticed a deep elf pyromancer
   940 | D        | Noticed a deep elf pyromancer
   940 | D        | Noticed a deep elf demonologist
   941 | D        | Noticed a deep elf annihilator
   941 | D        | Noticed a deep elf knight
   941 | D        | Noticed a deep elf pyromancer
   941 | D        | Noticed a deep elf pyromancer
   941 | D        | Noticed a deep elf knight
   944 | D        | Killed a deep elf high priest
   946 | D        | Killed a deep elf demonologist
   948 | D        | Found a transporter.
   948 | D        | Killed a deep elf annihilator
  1022 | D        | Got Jeff's Grimoire of Algid Impurities
  1087 | D        | Killed a deep elf pyromancer
  1089 | D        | Killed a deep elf knight
  1090 | D        | Reached skill level 27 in Evocations
  1091 | D        | Killed a deep elf pyromancer
  1092 | D        | Killed a deep elf pyromancer
  1093 | D        | Killed a deep elf knight
  1099 | D        | Killed a deep elf pyromancer
  1164 | D        | Entered arena 14.
  1165 | D        | Noticed a merfolk javelineer
  1165 | D        | Noticed a merfolk aquamancer
  1165 | D        | Noticed a merfolk impaler
  1166 | D        | Noticed a merfolk impaler
  1166 | D        | Noticed a merfolk impaler
  1166 | D        | Noticed a merfolk avatar
  1166 | D        | Noticed a merfolk aquamancer
  1166 | D        | Noticed a satyr
  1167 | D        | Found a transporter.
  1170 | D        | Killed a merfolk avatar
  1171 | D        | Reached XP level 12. HP: 63/63 MP: 13/13
  1175 | D        | Killed a merfolk impaler
  1176 | D        | Killed a satyr
  1203 | D        | Killed a merfolk aquamancer
  1212 | D        | Killed a merfolk impaler
  1213 | D        | Killed a merfolk javelineer
  1213 | D        | Killed a merfolk aquamancer
  1214 | D        | Reached skill level 27 in Dodging
  1222 | D        | Killed a merfolk impaler
  1266 | D        | Got the amulet "Jeloy" {Acrobat *Slow rF+ Regen+}
  1300 | D        | Entered arena 15.
  1301 | D        | Noticed a hell hog
  1301 | D        | Noticed a fire giant
  1301 | D        | Noticed a fire giant
  1301 | D        | Noticed a salamander tyrant
  1301 | D        | Noticed a salamander tyrant
  1301 | D        | Found the +7 great mace "Undeadhunter" {disrupt, rN+}
  1302 | D        | Noticed a balrug
  1302 | D        | Noticed a fire giant
  1302 | D        | Noticed a searing wretch
  1302 | D        | Noticed a hell hog
  1302 | D        | Noticed a hell hog
  1302 | D        | Noticed a hell hog
  1302 | D        | Noticed a salamander tyrant
  1303 | D        | Found a transporter.
  1303 | D        | Killed a hell hog
  1304 | D        | Reached skill level 10 in Fighting
  1304 | D        | Killed a hell hog
  1304 | D        | Killed a hell hog
  1309 | D        | Killed a hell hog
  1395 | D        | Got the Lectures on Charged Blows and Bruises
  1479 | D        | Killed a balrug
  1482 | D        | Killed a salamander tyrant
  1485 | D        | Killed a fire giant
  1489 | D        | Killed a salamander tyrant
  1501 | D        | Killed a salamander tyrant
  1505 | D        | Killed a fire giant
  1508 | D        | Killed a searing wretch
  1509 | D        | Reached XP level 13. HP: 38/79 MP: 14/14
  1513 | D        | Killed a fire giant
  1689 | D        | Learned a level 6 spell: Death Channel
  1689 | D        | Entered arena 16.
  1690 | D        | Noticed an iron giant
  1690 | D        | Noticed an ancient lich
  1690 | D        | Noticed an iron dragon
  1690 | D        | Noticed an ancient champion
  1690 | D        | Noticed a quicksilver elemental
  1690 | D        | Noticed a Hell Sentinel
  1690 | D        | Found the +3 warlock's mirror {reflect}
  1691 | D        | Noticed a quicksilver elemental
  1691 | D        | Noticed a war gargoyle
  1691 | D        | Noticed an iron giant
  1691 | D        | Noticed an ancient champion
  1691 | D        | Noticed an ancient champion
  1692 | D        | Found a transporter.
  1692 | D        | Killed an ancient champion
  1697 | D        | Killed an ancient champion
  1697 | D        | Killed an ancient champion
  1698 | D        | Reached skill level 1 in Spellcasting
  1698 | D        | Reached skill level 1 in Necromancy
  1698 | D        | Killed a war gargoyle
  1699 | D        | Killed an iron dragon
  1700 | D        | Killed a quicksilver elemental
  1702 | D        | Killed a quicksilver elemental
  1703 | D        | Reached skill level 5 in Spellcasting
  1703 | D        | Reached skill level 5 in Necromancy
  1711 | D        | Killed an iron giant
  1711 | D        | Killed an iron giant
  1712 | D        | Killed a Hell Sentinel
  1776 | D        | Got the amulet "Bawebi Pieph" {Acrobat rC+ Will++ Dex+4
                  | Slay-5 Stlth+}
  1829 | D        | Entered arena 17.
  1832 | D        | Noticed a searing wretch
  1832 | D        | Noticed a searing wretch
  1832 | D        | Noticed a fire giant
  1832 | D        | Found the -2 hat of the Alchemist {rElec rPois rF+ rC+ rN+
                  | Will+ rMut rCorr}
  1833 | D        | Noticed a searing wretch
  1833 | D        | Noticed a fire giant
  1833 | D        | Noticed a searing wretch
  1833 | D        | Noticed a searing wretch
  1833 | D        | Noticed a fire giant
  1836 | D        | Reached skill level 1 in Shields
  1850 | D        | Killed a searing wretch
  1850 | D        | Killed a fire giant
  1856 | D        | Killed a searing wretch
  1861 | D        | Killed a fire giant
  1864 | D        | Killed a fire giant
  1868 | D        | Killed a searing wretch
  1869 | D        | Reached skill level 10 in Necromancy
  1871 | D        | Killed a searing wretch
  1872 | D        | Reached skill level 5 in Shields
  1881 | D        | Killed a searing wretch
  1882 | D        | Reached skill level 10 in Spellcasting
  1979 | D        | Found a transporter.
  1995 | D        | Got the Directory of Adjuration and the Atmosphere
  2028 | D        | Got the Lessons on the Amassed Jaunt
  2038 | D        | Entered arena 18.
  2041 | D        | Noticed a frost giant
  2041 | D        | Noticed a blizzard demon
  2042 | D        | Noticed a frost giant
  2043 | D        | Found a transporter.
  2058 | D        | Killed a frost giant
  2065 | D        | Killed a blizzard demon
  2067 | D        | Killed a frost giant
  2289 | D        | Entered arena 19.
  2292 | D        | Noticed a frost giant
  2293 | D        | Noticed a stone giant
  2293 | D        | Noticed a stone giant
  2294 | D        | Found a transporter.
  2297 | D        | Reached XP level 14. HP: 84/84 MP: 23/29
  2305 | D        | Killed a stone giant
  2305 | D        | Killed a stone giant
  2306 | D        | Reached skill level 15 in Necromancy
  2307 | D        | Killed a frost giant
  2480 | D        | Acquired 1179 gold pieces
  2500 | D        | Got the Precepts of Distorted Spellbinding
  2521 | D        | Entered arena 20.
  2526 | D        | Noticed an angel
  2526 | D        | Noticed an apis
  2526 | D        | Noticed an ophan
  2527 | D        | Noticed an ophan
  2527 | D        | Noticed an apis
  2527 | D        | Found the +8 trishula "Condemnation" {holy, anguish, *Noise
                  | Fly rN+}
  2527 | D        | Found the +7 Spriggan's Knife {stab, EV+4 Stlth+}
  2528 | D        | Found a transporter.
  2538 | D        | Killed an apis
  2539 | D        | Killed an apis
  2547 | D        | Reached skill level 15 in Fighting
  2547 | D        | Killed an ophan
  2553 | D        | Killed an angel
  2640 | D        | Got Dispater's Tome of Striking
  2676 | D        | Learned a level 4 spell: Dispel Undead
  2681 | D        | Learned a level 4 spell: Summon Lightning Spire
  2687 | D        | Learned a level 5 spell: Summon Forest
  2694 | D        | Learned a level 6 spell: Summon Cactus Giant
  2701 | D        | Entered arena 21.
  2706 | D        | Found the +8 mithril axe "Arga" {speed, Will+}
  2726 | D        | Found a transporter.
  3028 | D        | Entered arena 22.
  3032 | D        | Noticed a rockslime
  3033 | D        | Noticed an azure jelly
  3035 | D        | Noticed an azure jelly
  3035 | D        | Noticed a rockslime
  3035 | D        | Noticed an azure jelly
  3035 | D        | Noticed an azure jelly
  3035 | D        | Noticed an acid blob
  3037 | D        | Noticed a rockslime
  3037 | D        | Noticed an acid blob
  3037 | D        | Noticed an azure jelly
  3037 | D        | Noticed an azure jelly
  3037 | D        | Noticed a rockslime
  3038 | D        | Killed a rockslime
  3038 | D        | Killed an azure jelly
  3038 | D        | Killed an azure jelly
  3039 | D        | Reached skill level 5 in Summonings
  3039 | D        | Noticed an acid blob
  3040 | D        | Killed an acid blob
  3041 | D        | Killed a rockslime
  3045 | D        | Killed a rockslime
  3046 | D        | Killed an azure jelly
  3047 | D        | Killed a rockslime
  3050 | D        | Killed an azure jelly
  3050 | D        | Killed an azure jelly
  3052 | D        | Killed an azure jelly
  3052 | D        | Killed an acid blob
  3053 | D        | Reached XP level 15. HP: 97/97 MP: 29/32
  3057 | D        | Found a transporter.
  3073 | D        | Killed an acid blob
  3212 | D        | Entered arena 23.
  3219 | D        | Noticed a black draconian knight
  3219 | D        | Noticed a black draconian knight
  3219 | D        | Noticed a red draconian scorcher
  3220 | D        | Noticed a black draconian knight
  3220 | D        | Identified the +1 cloak "Naffiyti" {*Corrode rElec Int-2
                  | Slay+5}
  3221 | D        | Found a transporter.
  3225 | D        | Reached skill level 10 in Summonings
  3235 | D        | Killed a red draconian scorcher
  3238 | D        | Killed a black draconian knight
  3242 | D        | Killed a black draconian knight
  3242 | D        | Killed a black draconian knight
  3253 | D        | Got the Secrets of the Vapourous Iceberg
  3408 | D        | Got The Codex of Greatest Risks and Utility
  3422 | D        | Got the Handbook of Metamorphosis
  3449 | D        | Entered arena 24.
  3457 | D        | Noticed Meacap the pandemonium lord
  3457 | D        | Noticed Etosil the pandemonium lord
  3457 | D        | Found the +5 glaive of the Guard {elec, spectral, AC+5}
  3457 | D        | Found the +1 cloak of Starlight {*Dazzle EV+4 Stlth--}
  3459 | D        | Identified the ring "Tyuzaerph" {Ice rPois rCorr MP+9 Dex-5
                  | Stlth-}
  3459 | D        | Found the amulet of the Four Winds {rN+ Will+++ Clar}
  3460 | D        | Noticed a profane servitor
  3461 | D        | Noticed a tentacled starspawn
  3468 | D        | Killed Etosil the pandemonium lord
  3469 | D        | Reached skill level 15 in Spellcasting
  3475 | D        | Killed Meacap the pandemonium lord
  3478 | D        | Reached skill level 15 in Summonings
  3487 | D        | Killed a profane servitor
  3495 | D        | Killed a tentacled starspawn
  3750 | D        | Found a transporter.
  3891 | D        | Entered arena 25.
  3904 | D        | Noticed a frost giant
  3904 | D        | Noticed a fire giant
  3904 | D        | Noticed a titan
  3904 | D        | Noticed a fire giant
  3904 | D        | Noticed a fire giant
  3904 | D        | Noticed a fire giant
  3904 | D        | Noticed a fire giant
  3904 | D        | Noticed a fire giant
  3904 | D        | Noticed a frost giant
  3905 | D        | Noticed a titan
  3905 | D        | Noticed a fire giant
  3905 | D        | Noticed a fire giant
  3905 | D        | Noticed a titan
  3905 | D        | Noticed a titan
  3905 | D        | Noticed a titan
  3905 | D        | Noticed a titan
  3905 | D        | Noticed a frost giant
  3905 | D        | Noticed a fire giant
  3905 | D        | Found the +8 autumn katana {vorpal, manifold assault}
  3905 | D        | Killed a fire giant
  3905 | D        | Noticed a frost giant
  3905 | D        | Killed a titan
  3905 | D        | Noticed a frost giant
  3905 | D        | Killed a frost giant
  3905 | D        | Noticed a titan
  3906 | D        | Noticed a frost giant
  3906 | D        | Noticed a frost giant
  3906 | D        | Noticed a titan
  3906 | D        | Noticed a frost giant
  3906 | D        | Noticed a frost giant
  3907 | D        | Found a transporter.
  3907 | D        | Killed a fire giant
  3907 | D        | Killed a fire giant
  3908 | D        | Killed a frost giant
  3908 | D        | Killed a fire giant
  3908 | D        | Killed a frost giant
  3910 | D        | Killed a titan
  3910 | D        | Killed a fire giant
  3910 | D        | Killed a frost giant
  3910 | D        | Killed a titan
  3911 | D        | Killed a fire giant
  3912 | D        | Killed a fire giant
  3912 | D        | Killed a titan
  3912 | D        | Killed a frost giant
  3913 | D        | Reached XP level 16. HP: 80/107 MP: 18/36
  3913 | D        | Killed a titan
  3914 | D        | Killed a titan
  4015 | D        | Killed a titan
  4080 | D        | Got the Handbook of Morbid Graupel
  4080 | D        | Got the ring of Acyv {rC+ Will- EV+4 Dex+4}
  4097 | D        | Got the Exposition on Clay
  4147 | D        | Entered arena 26.
  4160 | D        | Noticed a deep elf master archer
  4160 | D        | Noticed a deep elf master archer
  4160 | D        | Noticed a deep elf master archer
  4160 | D        | Found the +12 pair of quick blades "Gyre" and "Gimble"
                  | {protect}
  4161 | D        | Noticed a deep elf master archer
  4162 | D        | Identified the ring "Kuqat" {*Slow rElec rPois rCorr Int-5}
  4166 | D        | Killed a deep elf master archer
  4167 | D        | Noticed a deep elf master archer
  4167 | D        | Killed a deep elf master archer
  4168 | D        | Identified the amulet "Uxkoere" {Reflect rN+ Will+ Str+7
                  | SH+5}
  4168 | D        | Identified the +1 troll leather armour of the Centipede
                  | {+Blink rF+ Regen+}
  4168 | D        | Killed a deep elf master archer
  4170 | D        | Found a transporter.
  4170 | D        | Identified the +5 flail of Eguuto {vorpal, Str+4}
  4171 | D        | Killed a deep elf master archer
  4178 | D        | Killed a deep elf master archer
  4181 | D        | Identified the +2 steam dragon scales of Patterns {Will+}
                  | (You took it off a yaktaur in the Dungeon)
  4335 | D        | Got Ijitwoth's Volume of Interference
  4398 | D        | Got the Parchment of Moulding and Confrontation
  4463 | D        | Bought a scroll of enchant armour for 225 gold pieces
  4463 | D        | Bought a scroll labelled UHEVVEG DAYG for 30 gold pieces
  4472 | D        | Entered arena 27.
  4486 | D        | Noticed an acid blob
  4486 | D        | Noticed an acid blob
  4486 | D        | Noticed an acid blob
  4487 | D        | Found the necklace of Bloodlust {*Rage Will++ Int-3 Slay+6}
  4492 | D        | Killed an acid blob
  4492 | D        | Killed an acid blob
  4493 | D        | Killed an acid blob
  4497 | D        | Noticed an acid blob
  4505 | D        | Killed an acid blob
  4509 | D        | Reached XP level 17. HP: 112/116 MP: 23/37
  4571 | D        | Found a transporter.
  4603 | D        | Got the Treatise on Combative Incandescence
  4701 | D        | Got the Tome of the Jaunt and the Iceberg
  4745 | D        | Entered arena 28.
  4757 | D        | Noticed a kraken
  4758 | D        | Noticed a kraken
  4760 | D        | Noticed a kraken
  4760 | D        | Identified the ring of Arrival {Int+3 Dex+6}
  4760 | D        | Found the +5 demon whip "Spellbinder" {antimagic, Will+}
  4763 | D        | Killed a kraken
  4767 | D        | Killed a kraken
  4774 | D        | Killed a kraken
  4775 | D        | Reached skill level 27 in Fighting
  4775 | D        | Killed a kraken
  4795 | D        | Found a transporter.
  4982 | D        | Got the Orb of Zot
  4987 | D        | Escaped with the Orb!

Illustrated notes

Levels and vault maps discovered:
D:        sprint_v [room_start, room_1, room_2, room_3, room_4, room_5, room_6,
          room_7, room_8, room_9, room_10, room_11, room_12, room_13, room_14,
          room_15, room_16, room_17, room_18, room_19, room_20, room_21,
          room_22, room_23, room_24, room_25, room_26, room_27]

Skill      XL: |  1  2  3  4  5  6  7  8  9 10 11 12 13 14 15 16 17 |
---------------+----------------------------------------------------+-----
Evocations     | 10 14 18 23 27 | 27.0
Dodging        | 7 10 15 19 23 25 27 | 27.0
Fighting       | 5 7 14 19 21 24 27 | 27.0
Spellcasting   | 10 12 15 | 15.0
Necromancy     | 14 16 | 16.6
Shields        | 5 6 |  6.3
Summonings     | 8 17 24 | 24.9
Stealth        | |  1.5

Action                   |  1- 3 |  4- 6 |  7- 9 | 10-12 | 13-15 | 16-18 || total
-------------------------+-------+-------+-------+-------+-------+-------++-------
Melee: Double sword      |       |       |     1 |    11 |       |       ||    12
       Lance             |       |       |       |       |     8 |     2 ||    10
 Cast: Death Channel     |       |       |       |       |     8 |     4 ||    12
       Summon Cactus Gia |       |       |       |       |     1 |     4 ||     5
       Summon Lightning  |       |       |       |       |     1 |     2 ||     3
       Summon Forest     |       |       |       |       |       |     3 ||     3
Invok: Call Merchant     |       |       |       |     1 |       |     1 ||     2
       Bribe Branch      |       |       |       |     1 |     3 |     3 ||     7
       Potion Petition   |       |       |       |       |       |     2 ||     2
Evoke: Lightning rod     |     7 |     1 |    23 |    72 |    41 |     4 ||   148
       Phial of floods   |       |       |     2 |     5 |     7 |       ||    14
       Condenser vane    |       |       |       |    10 |    14 |     5 ||    29
       Wand              |       |       |       |     1 |     1 |     1 ||     3
       Phantom mirror    |       |       |       |     3 |    17 |     7 ||    27
       Box of beasts     |       |       |       |       |    18 |    11 ||    29
  Use: Potion            |     1 |       |       |     6 |     5 |       ||    12
       Scroll            |       |       |     2 |     3 |     2 |     1 ||     8
 Stab: Distracted        |       |       |       |     2 |     1 |       ||     3
Dodge: Dodged            |     4 |       |    10 |    62 |    62 |    22 ||   160
Block: Buckler           |       |       |       |       |    30 |    21 ||    51
       Reflection        |       |       |       |       |     6 |    17 ||    23

Table legend: (Time is in decaauts)
 A = Elapsed time spent in this place.
 B = Non-inter-level travel time spent in this place.
 C = Inter-level travel time spent in this place.
 D = Time resting spent in this place.
 E = Time spent auto-exploring this place.
 F = Levels seen in this place.
 G = Mean time per level.
                   A        B        C        D        E       F      G
               +--------+--------+--------+--------+--------+-----+--------+
         Total |   4158 |   4158 |      0 |   1466 |    711 |   1 | 4158.0 |
       Dungeon |   4158 |   4158 |      0 |   1466 |    711 |   1 | 4158.0 |
               +--------+--------+--------+--------+--------+-----+--------+

Top non-repeatable levels by time:
       D: 4158 daAuts
